 Dungeon Crawl Stone Soup version 0.24-a0-274-gb3763e6d51 (webtiles) character file.

Game seed: 15211401352904721067

1097 JellyEater the Digger (level 8, -6/42 HPs)
             Began as a Gargoyle Earth Elementalist on Apr 26, 2019.
             Was an Initiate of Vehumet.
             Mangled by an orc warrior
             ... wielding a +0 battleaxe
              (23 damage)
             ... on level 6 of the Dungeon.
             The game lasted 00:12:31 (5068 turns).

JellyEater the Digger (Gargoyle Earth Elementalist) Turns: 5068, Time: 00:12:32

Health: -6/42      AC:  7    Str: 12    XL:     8   Next: 31%
Magic:  2/15       EV: 12    Int: 18    God:    Vehumet [......]
Gold:   264        SH:  0    Dex: 10    Spells: 8/17 levels left

rFire    + . .     SeeInvis .   q - -1 dagger (curse)
rCold    . . .     Gourm    +   (no shield)
rNeg     + . .     Faith    .   c - +0 robe
rPois    ∞         Spirit   .   (no helmet)
rElec    +         Reflect  .   (no cloak)
rCorr    .         Harm     .   (no gloves)
MR       .....                  (no boots)
Stlth    ++........             h - amulet of the gourmand
HPRegen  0.14/turn              l - ring of protection from fire
MPRegen  0.14/turn              t - +4 ring of slaying

@: no status effects
A: negative energy resistance 1, electricity resistance, unbreathing,
petrification resistance, rot immunity, AC +5
a: Renounce Religion


You were on level 6 of the Dungeon.
You worshipped Vehumet.
Vehumet was noncommittal.
You were completely stuffed.

You visited 2 branches of the dungeon, and saw 7 of its levels.

You collected 264 gold pieces.

Inventory:

Hand Weapons
 i - a +1 mace of protection
 o - a +0 flail
 q - a cursed -1 dagger (weapon)
Missiles
 b - 98 stones (quivered)
 u - a throwing net
 v - 8 javelins of returning
Armour
 c - a +0 robe (worn)
Jewellery
 h - an amulet of the gourmand (around neck)
 l - a ring of protection from fire (left hand)
 n - an uncursed ring of positive energy
 t - a +4 ring of slaying (right hand)
Scrolls
 a - 2 scrolls of amnesia
 j - a scroll of teleportation
 r - 2 scrolls of immolation
 s - a scroll of blinking
Potions
 e - a potion of agility
 f - 4 potions of curing
 g - a potion of magic
 k - a potion of degeneration {unknown}
 m - a potion of flight {unknown}
 p - a potion of heal wounds {unknown}
 w - a potion of cancellation {unknown}
 z - 2 potions of lignification {unknown}
Comestibles
 d - 15 rations
 x - 4 chunks of flesh


   Skills:
 + Level 0.8 Fighting
 + Level 0.7 Maces & Flails
 + Level 0.8 Armour
 + Level 1.8 Dodging
 - Level 2.1 Stealth
 + Level 5.3 Spellcasting
 + Level 5.3 Conjurations
   Level 0.7 Transmutations
 + Level 7.5 Earth Magic


You had 8 spell levels left.
You knew the following spells:

 Your Spells              Type           Power        Failure   Level  Hunger
a - Sandblast             Erth           ####..       1%          1    None
b - Stone Arrow           Conj/Erth      ####..       2%          3    ##.....
c - Lee's Rapid Deconstr  Erth           ####......   16%         5    ######.

Your spell library contained the following spells:

 Spells                   Type           Power        Failure   Level  Hunger
 Passwall                 Tmut/Erth      ###.....     3%          2    #......
 Petrify                  Tmut/Erth      ###.....     24%         4    ####...


Dungeon Overview and Level Annotations

Branches:
Dungeon (6/15)             Temple (1/1) D:5

Altars:
Ashenzari
Cheibriados
Dithmenos
Hepliaklqana
Kikubaaqudgha
Makhleb
Nemelex Xobeh
Okawaru
Qazlal
Ru
Sif Muna
Trog
Vehumet
Xom
Yredelemnul
Zin
The Shining One

Annotations:
D:6 2 transporters


Innate Abilities, Weirdness & Mutations

You are resistant to torment.
Your stone body is resilient. (AC +5)
You are immune to poison.
You resist negative energy. (rN+)
You are resistant to electric shocks. (rElec)
You can survive without breathing.
You are immune to petrification.
You are immune to rotting.


Message History

Aiming: Sandblast (safe; 1% risk of failure)
Press: ? - help, Shift-Dir - straight line, f/p - orc warrior
Aim: an orc warrior, wielding a +0 battleaxe and wearing a cursed +0 chain mail (lightly wounded)
The blast of sand hits the orc warrior!
The orc warrior is moderately wounded.
b - 99 stones The orc warrior hits you with a +0 battleaxe!!
Ouch! That really hurt!
The orc barely misses you.
Casting: Sandblast (safe; 1% risk of failure)
Confirm with . or Enter, or press ? or * to list all spells.
Aiming: Sandblast (safe; 1% risk of failure)
Press: ? - help, Shift-Dir - straight line, f/p - orc warrior
Aim: an orc warrior, wielding a +0 battleaxe and wearing a cursed +0 chain mail (moderately wounded)
The blast of sand hits the orc warrior but does no damage.
The orc warrior is moderately wounded.
b - 98 stones The orc warrior hits you with a +0 battleaxe!!
Ouch! That really hurt!
You die...

........+.......
#........#.......
#........#.......
#........#......#
#........#......#
#........#......#
#........#......#
#.).....o').....#
#......@o#.......
#........#...>..#
#........#.....>#
#........#o......
#........#......#
#........#......#
#........#.......
#........#
#........#


You could see an orc warrior and an orc.

Vanquished Creatures
  An orc warrior (D:6)
  Purgy (D:3)
  2 ogres
  A big kobold (D:5)
  2 bullfrogs (D:6)
  A crimson imp (D:4)
  4 hounds
  3 orc priests
  3 iguanas
  Terence (D:3)
  A hound skeleton (D:5)
  9 adders
  A shadow imp (D:6)
  An ooze (D:1)
  An adder zombie (D:6)
  A worm (D:2)
  2 dart slugs
  5 leopard geckos
  9 orcs
  4 giant cockroaches
  7 goblins
  4 hobgoblins
  4 jackals (D:6)
  2 quokkas
  2 ball pythons
  5 bats
  5 frilled lizards
  8 kobolds
  A leopard gecko skeleton (D:4)
  14 rats
105 creatures vanquished.

Vanquished Creatures (others)
  A ball python skeleton (D:5)
  A plant (D:5)
2 creatures vanquished.

Grand Total: 107 creatures vanquished

Notes
Turn   | Place    | Note
-------+----------+-------------------------------------------
     0 | D:1      | JellyEater the Gargoyle Earth Elementalist began the quest
                  | for the Orb.
     0 | D:1      | Reached XP level 1. HP: 10/10 MP: 3/3
   173 | D:1      | Reached skill level 4 in Earth Magic
   173 | D:1      | Reached XP level 2. HP: 7/15 MP: 0/5
   697 | D:1      | Reached XP level 3. HP: 17/19 MP: 7/7
   702 | D:1      | Learned a level 3 spell: Stone Arrow
   927 | D:2      | Found a stormy altar of Qazlal.
  1111 | D:2      | Reached skill level 1 in Conjurations
  1158 | D:2      | Reached XP level 4. HP: 24/24 MP: 8/8
  1635 | D:3      | Noticed Terence
  1642 | D:3      | Killed Terence
  1642 | D:3      | Reached skill level 5 in Earth Magic
  1642 | D:3      | Reached XP level 5. HP: 28/28 MP: 6/9
  1724 | D:3      | Noticed Purgy
  1727 | D:3      | Killed Purgy
  1853 | D:3      | Noticed an ogre
  1858 | D:3      | Killed an ogre
  1858 | D:3      | Reached XP level 6. HP: 32/32 MP: 5/11
  1912 | D:3      | Learned a level 5 spell: Lee's Rapid Deconstruction
  2019 | D:3      | Found a deep blue altar of Sif Muna.
  2490 | D:4      | Reached skill level 6 in Earth Magic
  2863 | D:4      | Reached XP level 7. HP: 36/36 MP: 10/13
  2902 | D:4      | Found a shattered altar of Ashenzari.
  3263 | D:4      | Found a sacrificial altar of Ru.
  3366 | D:5      | Entered Level 5 of the Dungeon
  3641 | D:5      | Found a staircase to the Ecumenical Temple.
  3647 | Temple   | Entered the Ecumenical Temple
  3777 | Temple   | Became a worshipper of Vehumet
  4053 | D:5      | Found a shimmering altar of Xom.
  4261 | D:5      | Found an iron altar of Okawaru.
  4638 | D:6      | Reached skill level 7 in Earth Magic
  4641 | D:6      | Reached skill level 5 in Spellcasting
  4641 | D:6      | Reached skill level 5 in Conjurations
  4641 | D:6      | Reached XP level 8. HP: 41/41 MP: 5/15
  4719 | D:6      | Found a sparkling altar of Nemelex Xobeh.
  4729 | D:6      | Found a transporter.
  4775 | D:6      | Noticed a kobold demonologist
  4793 | D:6      | Noticed a kobold demonologist
  4797 | D:6      | Found a transporter.
  5068 | D:6      | Mangled by an orc warrior

Levels and vault maps discovered:
D:1:      minmay_arrival_diagonal_passages, layout_basic
D:2:      layout_rooms, nicolae_qazlal_general_emergency
D:3:      layout_loops_ring, lemuel_crystal_altar, first_ration, uniq_purgy,
          uniq_terence
D:4:      layout_loops_ring, lemuel_doored_altar, nicolae_ashenzari_panopticon
D:5:      layout_basic, marbit_many_paths, overflow_temple_1_default,
          minmay_temple_entry_fiery, lexackson_kobold_supper
D:6:      gammafunk_wand_slinger, layout_gridville,
          nemelex_xobeh_ov_fountains_minmay, eat_drink_and_be_merry_uskayaw
Temple:   jpeg_temple_clearing

Skill      XL: |  1  2  3  4  5  6  7 |
---------------+----------------------+-----
Earth Magic    | 4 5 6 7 |  7.5
Conjurations   | 1 2 3 5 |  5.3
Spellcasting   | 3 4 5 |  5.3
Fighting       | |  0.8
Maces & Flails | |  0.7
Armour         | |  0.8
Dodging        | |  1.8
Stealth        | |  2.1
Transmutations | |  0.7

Action                   |  1- 3 |  4- 6 |  7- 9 || total
-------------------------+-------+-------+-------++-------
Melee: Club              |    35 |       |       ||    35
       Mace              |    39 |    25 |       ||    64
       Dagger            |       |    11 |   119 ||   130
 Cast: Sandblast         |    21 |    37 |    42 ||   100
       Stone Arrow       |       |     2 |     2 ||     4
       Lee's Rapid Decon |       |       |     3 ||     3
  Use: Scroll            |     5 |     2 |     5 ||    12
       Potion            |       |     1 |       ||     1
 Stab: Sleeping          |     1 |     2 |     3 ||     6
  Eat: Chunk             |     8 |     8 |     9 ||    25
Armor: Robe              |    44 |    31 |    62 ||   137
Dodge: Dodged            |    71 |    42 |    89 ||   202

Table legend:
 A = Non-vault XP
 B = Vault XP
 C = Vault XP percentage of total XP
 D = Non-vault monster count
 E = Vault monster count
 F = Vault count percentage of total count
                 A         B        C        D         E       F
            +---------+---------+-------+---------+---------+-------
      Total |    1289 |     279 |  17.8 |      95 |      10 |   9.5
            +---------+---------+-------+---------+---------+-------
        D:1 |      41 |       0 |   0.0 |      23 |       0 |   0.0
        D:2 |      93 |       0 |   0.0 |      21 |       0 |   0.0
        D:3 |     180 |     166 |  48.0 |       9 |       2 |  18.2
        D:4 |     177 |       0 |   0.0 |       9 |       0 |   0.0
        D:5 |     266 |     113 |  29.8 |      13 |       8 |  38.1
        D:6 |     532 |       0 |   0.0 |      20 |       0 |   0.0
            +---------+---------+-------+---------+---------+-------
